 Dungeon Crawl Stone Soup version 0.26.1-2-gb8aa6d0cf2 (webtiles) character file.

Game seed: 11443940509116213421

4097 Name63 the Jinx (level 10, -9/59 HPs)
             Began as a Deep Elf Conjurer on Feb 25, 2021.
             Was a Believer of Vehumet.
             Mangled by an orc warrior
             ... wielding a +0 glaive
              (14 damage)
             ... on level 9 of the Dungeon.
             The game lasted 00:27:55 (9988 turns).

Name63 the Jinx (Deep Elf Conjurer)                 Turns: 9988, Time: 00:27:56

Health: -9/59      AC:  5    Str:  4    XL:     10   Next: 5%
Magic:  1/19       EV: 15    Int: 27    God:    Vehumet [**....]
Gold:   382        SH:  0    Dex: 13    Spells: 8/19 levels left

rFire    . . .     SeeInvis .   A - +2 rapier (elec)
rCold    . . .     Faith    .   (no shield)
rNeg     + . .     Spirit   .   E - +0 steam dragon scales
rPois    .         Reflect  .   (no helmet)
rElec    .         Harm     .   b - scarf {+Inv}
rCorr    +         Rampage  .   (no gloves)
Will     +....                  (no boots)
Stlth    ++........             f - amulet of regeneration
HPRegen  0.59/turn              s - ring of positive energy
MPRegen  0.16/turn              F - ring of resist corrosion

@: no status effects
A: no striking features
a: Renounce Religion, Evoke Invisibility


You were on level 9 of the Dungeon.
You worshipped Vehumet.
Vehumet was pleased with you.
You visited 2 branches of the dungeon, and saw 10 of its levels.

You collected 382 gold pieces.

Inventory:

Hand Weapons
 w - a +2 dagger of draining
 A - a +2 rapier of electrocution (weapon)
Armour
 b - a scarf of invisibility (worn)
 B - a cursed -1 buckler
 D - a +2 leather armour of willpower
 E - +0 steam dragon scales (worn)
Jewellery
 f - an amulet of regeneration (around neck)
 q - an uncursed amulet of the acrobat
 s - a ring of positive energy (left hand)
 F - a ring of resist corrosion (right hand)
Wands
 k - a wand of flame (6)
 l - a wand of paralysis (13)
 v - a wand of acid (8)
 y - a wand of polymorph (4)
Scrolls
 a - a scroll of teleportation
 c - 7 scrolls of magic mapping
 d - a scroll of fear {unknown}
 e - 2 scrolls of remove curse
 h - a scroll of random uselessness {unknown}
 r - a scroll of blinking {unknown}
 t - 3 scrolls of enchant weapon {unknown}
 u - a scroll of enchant armour {unknown}
 x - 2 scrolls of amnesia {unknown}
Potions
 g - a potion of haste
 i - a potion of attraction
 j - a potion of might
 m - a potion of heal wounds
 n - a potion of brilliance {unknown}
 o - 2 potions of magic {unknown}
 p - 4 potions of curing
 z - 2 potions of berserk rage {unknown}
 C - 2 potions of resistance {unknown}


   Skills:
 - Level 5.0 Fighting
 - Level 6.0 Dodging
 - Level 2.4 Stealth
 - Level 5.0 Spellcasting
 - Level 8.0 Conjurations
 - Level 8.0 Hexes
 - Level 8.0 Translocations
 + Level 3.9 Evocations


You had 8 spell levels left.
You knew the following spells:

 Your Spells              Type           Power        Failure   Level
a - Magic Dart            Conj           100%         1%          1
b - Searing Ray           Conj           98%          1%          2
c - Fulminant Prism       Conj/Hex       24%          2%          4
d - Iskenderun's Mystic   Conj/Tloc      49%          2%          4

Your spell library contained the following spells:

 Spells                   Type           Power        Failure   Level
 Freeze                   Ice            24%          7%          1
 Corona                   Hex            54%          1%          1
 Slow                     Hex            49%          1%          2
 Dazzling Flash           Conj/Hex       98%          1%          3
 Portal Projectile        Hex/Tloc       98%          1%          3
 Cause Fear               Hex            24%          2%          4
 Inner Flame              Hex/Fire       28%          4%          3
 Beastly Appendage        Tmut           12%          7%          1
 Wereblood                Tmut           6%           11%         2
 Leda's Liquefaction      Hex/Erth       14%          14%         4
 Alistair's Intoxication  Tmut/Pois      4%           89%         5
 Blade Hands              Tmut           3%           89%         5
 Statue Form              Tmut/Erth      4%           100%        6


Dungeon Overview and Level Annotations

Branches:
Dungeon (9/15)             Temple (1/1) D:6
   Lair: D:8-11         Orc: D:9-12

Altars:
Ashenzari
Cheibriados
Dithmenos
Elyvilon
Fedhas
Gozag
Hepliaklqana
Kikubaaqudgha
Makhleb
Nemelex Xobeh
Okawaru
Qazlal
Ru
Sif Muna
Trog
Uskayaw
Vehumet
Wu Jian
Xom
Yredelemnul
Zin
The Shining One

Shops:
D:4 (   D:6 *


Message History

The big kobold collides with the big kobold!
The mystic blast hits the big kobold!
The big kobold is severely wounded.
The big kobold is knocked back by the mystic blast.
The big kobold slams into the rock wall!
The mystic blast hits the big kobold!
The big kobold is heavily wounded.
The big kobold is knocked back by the mystic blast.
You hear a shout! x2
Unknown command.
The gnoll sergeant hits you from afar with a +0 spear.
* * * LOW HITPOINT WARNING * * *
The big kobold hits you but does no damage.
An orc warrior comes into view.
It is wielding a +0 short sword of electrocution.
The big kobold barely misses you. x2
The gnoll sergeant hits you but does no damage.
The big kobold misses you. The big kobold hits you.
* * * LOW HITPOINT WARNING * * *
The orc warrior hits you from afar with a +0 glaive!
You die...

#.# #.# ####
####.##### +##### #..#
#####........$ .....#
#..# #.............
.....######o###..#
#.###......._.
.....##.......K.K###.#
#.........
....<##.#######K.##.[#
#.........
.....##.[..)$[.K@##.##
#.........
.....###.#..)[og....#
#.........
.....'...#.......####
##########
.....#####.......#
###### #########


You could see an orc warrior, 4 big kobolds and a gnoll sergeant.

Vanquished Creatures
  Harold (D:8)
  Maggie (D:7)
  A troll (D:9)
  A vampire (D:8)
  Eustachio (D:4)
  Edmund (D:6)
  2 sky beasts
  2 orc warriors
  4 ogres
  2 centaurs
  3 bullfrogs
  A gnoll sergeant (D:9)
  2 scorpions
  6 killer bees (D:8)
  3 jellies
  5 orc wizards
  5 orc priests
  A centaur skeleton (D:4)
  3 hounds
  A bullfrog skeleton (D:3)
  2 iguanas
  7 worker ants
  A howler monkey zombie (D:7)
  3 gnolls (D:6)
  7 adders
  A shadow imp (D:5)
  A white imp (D:9)
  An ufetubus (D:5)
  2 oozes
  2 worms
  6 dart slugs
  2 leopard geckos
  29 orcs
  4 ball pythons
  4 giant cockroaches
  6 goblins
  5 hobgoblins (D:1)
  3 jackals (D:2)
  4 quokkas
  7 bats
  7 frilled lizards
  A jackal zombie (D:5)
  10 kobolds
  A quokka skeleton (D:4)
  2 rats
164 creatures vanquished.

Vanquished Creatures (others)
  8 fulminant prisms
8 creatures vanquished.

Grand Total: 172 creatures vanquished

Notes
Turn   | Place    | Note
-------+----------+-------------------------------------------
     0 | D:1      | Name63 the Deep Elf Conjurer began the quest for the Orb.
     0 | D:1      | Reached XP level 1. HP: 10/10 MP: 6/6
   141 | D:1      | Reached XP level 2. HP: 15/15 MP: 2/8
   327 | D:1      | Reached skill level 5 in Conjurations
   659 | D:1      | You fall into a shaft and drop 1 floor!
   701 | D:2      | Reached XP level 3. HP: 13/19 MP: 4/9
   780 | D:2      | Learned a level 2 spell: Searing Ray
  1772 | D:2      | Reached XP level 4. HP: 24/24 MP: 5/10
  1819 | D:2      | Learned a level 4 spell: Fulminant Prism
  2909 | D:3      | Reached XP level 5. HP: 22/28 MP: 2/11
  2910 | D:3      | Reached skill level 5 in Dodging
  2910 | D:3      | Reached skill level 1 in Hexes
  4070 | D:4      | Noticed Eustachio
  4081 | D:4      | Noticed an ogre
  4105 | D:4      | Killed an ogre
  4106 | D:4      | Reached XP level 6. HP: 17/32 MP: 6/12
  4115 | D:4      | Learned a level 4 spell: Iskenderun's Mystic Blast
  4225 | D:4      | Reached skill level 5 in Hexes
  4733 | D:4      | Found Hampor's Weapon Shop.
  4819 | D:4      | Killed Eustachio
  4820 | D:4      | Reached XP level 7. HP: 18/36 MP: 2/13
  5499 | D:5      | Entered Level 5 of the Dungeon
  6309 | D:6      | Found Gozag's Platinum Reserve.
  6318 | D:6      | Found an opulent altar of Gozag.
  6347 | D:6      | Found a staircase to the Ecumenical Temple.
  6365 | D:6      | Noticed Edmund
  6388 | Temple   | Entered the Ecumenical Temple
  6617 | Temple   | Became a worshipper of Vehumet
  6699 | D:6      | Reached skill level 5 in Translocations
  6997 | D:6      | Reached XP level 8. HP: 15/42 MP: 5/14
  7111 | D:6      | Killed Edmund
  7346 | D:6      | Found a snail-covered altar of Cheibriados.
  7351 | D:6      | Reached skill level 1 in Fighting
  7591 | D:6      | Found a shimmering blue altar of Sif Muna.
  7601 | D:6      | Found a white marble altar of Elyvilon.
  7605 | D:6      | Found an iron altar of Okawaru.
  8180 | D:7      | Noticed Maggie
  8191 | D:7      | Killed Maggie
  8192 | D:7      | Reached skill level 5 in Spellcasting
  8210 | D:7      | Reached * piety under Vehumet
  8210 | D:7      | Offered knowledge of Sandblast by Vehumet.
  8211 | D:7      | Reached XP level 9. HP: 25/49 MP: 6/18
  8847 | D:8      | Identified the Handbook of Venom and Shape Shifting
  9500 | D:8      | Noticed Harold
  9528 | D:8      | Killed Harold
  9529 | D:8      | Reached skill level 5 in Fighting
  9839 | D:8      | Reached skill level 1 in Evocations
  9924 | D:9      | Noticed a troll
  9939 | D:9      | Killed a troll
  9939 | D:9      | Offered knowledge of Freeze by Vehumet.
  9940 | D:9      | Reached XP level 10. HP: 10/59 MP: 1/19
  9944 | D:9      | HP: 1/59 [white imp/puff of frost (12)]
  9946 | D:9      | Found a bloodstained altar of Trog.
  9960 | D:9      | Reached ** piety under Vehumet
  9988 | D:9      | Mangled by an orc warrior

Illustrated notes

Levels and vault maps discovered:
D:1:      dpeg_arrival_round_a, layout_basic, serial_corexii_hall,
          corexii_hall_statues_x, corexii_hall_statues_x,
          corexii_hall_statues_l, chequers_hall_statues_corner_a,
          minmay_misc_feat_square
D:2:      layout_basic, minmay_cupped
D:3:      layout_basic
D:4:      layout_layer_cave, serial_shops, kennysheep_mini_moat, uniq_eustachio
D:5:      layout_gridville
D:6:      layout_gridville, minmay_overflow_temple_star_quad,
          lemuel_crystal_altar, minmay_temple_entry_statues,
          nicolae_gozag_zags_fifth_avenue, uniq_edmund
D:7:      layout_loops_ring, uniq_maggie
D:8:      layout_gridville, uniq_harold
D:9:      layout_roguey, minmay_lair_entry_grove,
          kennysheep_orc_monster_closet_entryway, basic_altar, st_stairs_2,
          serial_bayou_pond_e, hangedman_weighted_door
Temple:   regret_index_temple_mists

Skill      XL: |  1  2  3  4  5  6  7  8  9 |
---------------+----------------------------+-----
Conjurations   | 5 6 7 8 |  8.0
Dodging        | 3 4 5 6 |  6.0
Hexes          | 4 6 7 8 |  8.0
Translocations | 2 6 7 8 |  8.0
Fighting       | 2 5 |  5.0
Spellcasting   | 5 |  5.0
Evocations     | 3 |  3.9
Stealth        | |  2.4

Action                   |  1- 3 |  4- 6 |  7- 9 | 10-12 || total
-------------------------+-------+-------+-------+-------++-------
Melee: Dagger            |       |    31 |     5 |       ||    36
       Rapier            |       |       |    10 |     1 ||    11
 Cast: Magic Dart        |    72 |    77 |     9 |       ||   158
       Searing Ray       |     4 |    12 |    58 |       ||    74
       Iskenderun's Myst |       |       |    11 |     2 ||    13
       Fulminant Prism   |       |       |     8 |       ||     8
Evoke: Wand              |       |       |    12 |     2 ||    14
  Use: Potion            |       |     2 |       |     1 ||     3
       Scroll            |       |     3 |     5 |       ||     8
 Stab: Distracted        |       |       |     2 |       ||     2
       Sleeping          |       |       |     2 |       ||     2
Armor: Robe              |    23 |    10 |     5 |       ||    38
       Steam dragon scal |       |       |    12 |     5 ||    17
Dodge: Dodged            |    39 |    27 |    73 |    10 ||   149
